 Dungeon Crawl Stone Soup version 0.17.0-15-g6d90897 (webtiles) character file.

17042 4thArraOfDagon the Severer (level 12, -7/110 HPs)
             Began as a Minotaur Berserker on Nov 10, 2015.
             Was an Elder of Trog.
             Mangled by a sheep (8 damage)
             ... on level 8 of the Lair of Beasts.
             The game lasted 00:15:41 (2729 turns).

4thArraOfDagon the Severer (Minotaur Berserker)     Turns: 2729, Time: 00:15:41

Health: -7/110     AC: 20    Str: 27    XL:     12   Next: 15%
Magic:  15/15      EV:  8    Int:  4    God:    Trog [****..]
Gold:   448        SH:  0    Dex: 10    Spells: 0 memorised, 11 levels left

rFire  . . .     SeeInvis +     a - +0 hand axe (flame)
rCold  . . .     Clarity  .     r - +2 plate armour of Absence {rCorr Stlth+}
rNeg   + . .     SustAt   .     (no shield)
rPois  .         Gourm    .     (helmet restricted)
rElec  .         Spirit   .     (no cloak)
rCorr  +         Warding  .     N - +2 pair of gloves
rMut   .         Stasis   .     (no boots)
MR     ++...                    e - amulet of regeneration
Stlth  ..........               y - ring of see invisible
                                u - ring of positive energy

@: exhausted, regenerating, slowed, very slow, very resistant to hostile
enchantments, extremely unstealthy
A: retaliatory headbutt, horns 2
a: Berserk, Trog's Hand, Brothers in Arms, Burn Spellbooks, Renounce Religion


You were on level 8 of the Lair of Beasts.
You worshipped Trog.
Trog was greatly pleased with you.
You were very hungry.

You visited 2 branches of the dungeon, and saw 16 of its levels.

You collected 448 gold pieces.

Inventory:

Hand Weapons
 a - a +0 hand axe of flaming (weapon)
 D - a +2 scimitar of flaming
Missiles
 b - 6 tomahawks (quivered)
Armour
 r - the +2 plate armour of Absence (worn) {rCorr Stlth+}
   (You found it on level 6 of the Dungeon)

   It protects you from acid and corrosion.
   It makes you more stealthy.
 N - a +2 pair of gloves (worn)
Magical Staves
 B - an uncursed staff of conjuration {unknown}
Jewellery
 e - an amulet of regeneration (around neck)
 g - an uncursed amulet of stasis
 m - a cursed amulet of inaccuracy {unknown}
 t - an uncursed ring of wizardry
 u - a ring of positive energy (left hand)
 y - a ring of see invisible (right hand)
Wands
 p - a wand of lightning (10)
 H - a wand of confusion (30)
 M - a wand of disintegration (24)
Scrolls
 f - a scroll of silence
 h - 2 scrolls of enchant armour
 k - a scroll of recharging
 l - 2 scrolls of teleportation
 q - a scroll of immolation
Potions
 j - 2 potions of curing {unknown}
 n - a potion of berserk rage {unknown}
 o - a potion of lignification {unknown}
 w - a potion of magic
 x - a potion of resistance
 K - a potion of brilliance
Books
 C - a book of Burglary

   Spells                             Type                      Level
   a - Swiftness                      Charms/Air                   2
   b - Passwall                       Transmutation/Earth          3
   c - Passage of Golubria            Translocation                4
   d - Lee's Rapid Deconstruction     Earth                        5
   e - Darkness                       Hexes                        6
   f - Invisibility                   Hexes                        6
   Trog disapproves of the use of such an item.
Miscellaneous
 F - a box of beasts {used: 7}
 G - a sack of spiders
Comestibles
 c - 4 bread rations
 d - 4 beef jerkies
 i - a royal jelly
 A - 3 chunks of flesh


   Skills:
 + Level 11.6 Fighting
 * Level 15.3 Axes
 + Level 11.5 Armour
 - Level 2.1 Dodging
 + Level 6.3 Evocations


You had 11 spell levels left.
You didn't know any spells.

Dungeon Overview and Level Annotations

Branches:
Dungeon (8/15)             Temple (0/1) D:7            Lair (8/8) D:8
  Snake (0/4) Lair:4
  Swamp: Lair:3-6    Shoals: Lair:3-6     Slime: Lair:6-8

Altars:

Annotations:
D:7 4thArraOfDagon's ghost, amateur MiBe


Innate Abilities, Weirdness & Mutations

You reflexively headbutt those who attack you in melee.
You have a pair of horns on your head.


Message History

You slash the sheep! You burn the sheep.
You kill the sheep!
Trog accepts your kill. The death yak gores you!
* * * LOW HITPOINT WARNING * * *
Unknown command.
Unknown command.
Unknown command.
Unknown command.
You hit the death yak but do no damage.
The death yak is almost dead.
You hit the sheep. You burn the sheep.
The sheep is moderately wounded.
You hit the death yak but do no damage.
The death yak is almost dead.
The death yak gores you but does no damage.
The death yak gores you!
* * * LOW HITPOINT WARNING * * *
The sheep bites you!
You die...

######### #####
..#...#.######...# #
.P.....#.P.?##...####.##
........................
...........)............
................YY......
.§..............@Y......
................†Y......
........................
....P..P.............$..
#...P.P....#............
##.####.####.##....#...#
#.## ### ####..##.##.P
## #### ## ##


You could see 2 death yaks and 2 sheep.

Vanquished Creatures
  Erica (D:8)
  6 death yaks
  A hill giant (D:8)
  A griffon (Lair:8)
  A black mamba (Lair:2)
  6 elephants
  3 spiny frogs
  4 fire drakes
  5 komodo dragons
  A blink frog (Lair:7)
  4 basilisks (Lair:8)
  A steam dragon (Lair:8)
  6 yaks (Lair:1)
  A hungry ghost (D:8)
  4 hippogriffs
  5 water moccasins
  An ogre (D:7)
  A swamp drake (Lair:8)
  An orc warrior (D:6)
  A centaur (D:8)
  5 crocodiles
  8 giant frogs
  A scorpion (D:3)
  A centaur zombie (D:8)
  A jelly (D:8)
  5 iguanas
  2 orc wizards (D:7)
  2 hounds
  A worker ant (D:6)
  10 sheep
  5 adders
  13 river rats
  A worm (D:3)
  2 giant geckos
  7 orcs
  A goblin (D:1)
  2 hobgoblins
  3 jackals (D:4)
  2 kobolds (D:3)
  3 quokkas
  3 bats
  A giant newt (D:2)
  A quokka zombie (D:7)
  A rat (D:1)
  3 fungi (Lair:8)
138 creatures vanquished.

Vanquished Creatures (collateral kills)
  A fire dragon (Lair:8)
  A death yak (Lair:5)
  2 spiny frogs
  3 blink frogs (Lair:4)
  A basilisk (Lair:8)
  2 mottled dragons (Lair:8)
  A water moccasin (Lair:4)
  An iguana (Lair:8)
  5 river rats (Lair:8)
17 creatures vanquished.

Vanquished Creatures (others)
  2 fungi
  4 plants
6 creatures vanquished.

Grand Total: 161 creatures vanquished

Notes
Turn   | Place    | Note
--------------------------------------------------------------
     0 | D:1      | 4thArraOfDagon the Minotaur Berserker began the quest for the Orb.
     0 | D:1      | Reached XP level 1. HP: 19/19 MP: 0/0
   182 | D:3      | Reached XP level 2. HP: 24/27 MP: 1/1
   185 | D:3      | Reached skill level 4 in Axes
   259 | D:3      | Noticed a scorpion
   265 | D:3      | Killed a scorpion
   265 | D:3      | Reached XP level 3. HP: 33/33 MP: 2/2
   265 | D:3      | Reached XP level 4. HP: 40/40 MP: 3/3
   265 | D:3      | Reached skill level 5 in Axes
   276 | D:3      | Noticed a phantom
   301 | D:5      | Entered Level 5 of the Dungeon
   432 | D:6      | Got a topaz-encrusted plate armour
   443 | D:6      | Identified the +2 plate armour of Absence {rCorr Stlth+} (You found it on level 6 of the Dungeon)
   443 | D:6      | :(
   449 | D:6      | Noticed an orc warrior
   459 | D:6      | Killed an orc warrior
   459 | D:6      | Reached ** piety under Trog
   459 | D:6      | Reached XP level 5. HP: 47/47 MP: 4/4
   470 | D:6      | Reached skill level 6 in Axes
   535 | D:6      | Reached skill level 5 in Fighting
   626 | D:7      | Reached XP level 6. HP: 56/56 MP: 5/5
   631 | D:7      | Noticed an ogre
   641 | D:7      | Killed an ogre
   642 | D:7      | Noticed 4thArraOfDagon's ghost (amateur MiBe)
   818 | D:7      | Found a staircase to the Ecumenical Temple.
   867 | D:8      | Reached skill level 7 in Axes
   867 | D:8      | Reached skill level 5 in Armour
   901 | D:8      | Reached XP level 7. HP: 58/61 MP: 6/6
   910 | D:8      | Found a staircase to the Lair.
   911 | D:8      | Noticed a fire drake
   918 | D:8      | Killed a fire drake
   918 | D:8      | Reached skill level 8 in Axes
   956 | D:8      | Noticed a hungry ghost
   961 | D:8      | Noticed a hill giant
   968 | D:8      | Killed a hill giant
   968 | D:8      | Reached skill level 9 in Axes
   968 | D:8      | Reached XP level 8. HP: 71/71 MP: 7/7
   971 | D:8      | Killed a hungry ghost
  1019 | D:8      | Noticed Erica
  1045 | D:8      | Killed Erica
  1045 | D:8      | Reached skill level 10 in Axes
  1045 | D:8      | Reached XP level 9. HP: 81/81 MP: 8/8
  1083 | Lair:1   | Entered Level 1 of the Lair of Beasts
  1083 | Lair:1   | Noticed a komodo dragon
  1105 | Lair:1   | Noticed a spiny frog
  1110 | Lair:1   | Killed a spiny frog
  1110 | Lair:1   | Reached skill level 11 in Axes
  1110 | Lair:1   | Reached skill level 1 in Evocations
  1115 | Lair:1   | Killed a komodo dragon
  1165 | Lair:1   | Reached skill level 12 in Axes
  1199 | Lair:2   | Noticed a black mamba
  1215 | Lair:2   | Killed a black mamba
  1215 | Lair:2   | Reached XP level 10. HP: 47/91 MP: 11/11
  1393 | Lair:4   | Found a staircase to the Snake Pit.
  1592 | Lair:5   | Reached *** piety under Trog
  1631 | Lair:5   | Reached skill level 13 in Axes
  1645 | Lair:6   | Noticed an elephant
  1645 | Lair:6   | Noticed an elephant
  1645 | Lair:6   | Noticed an elephant
  1645 | Lair:6   | Noticed a six-headed hydra
  1645 | Lair:6   | Noticed a six-headed hydra
  1712 | Lair:5   | Killed an elephant
  1841 | Lair:5   | Reached skill level 10 in Fighting
  1854 | Lair:5   | Noticed a death yak
  1856 | Lair:5   | Noticed a death yak
  1869 | Lair:5   | Noticed a death yak
  1874 | Lair:5   | Noticed a death yak
  1880 | Lair:5   | Killed a death yak
  1880 | Lair:5   | Reached skill level 10 in Armour
  1880 | Lair:5   | Killed a death yak
  1880 | Lair:5   | Reached XP level 11. HP: 99/99 MP: 13/13
  1890 | Lair:5   | Killed a death yak
  1893 | Lair:5   | Killed a death yak
  2138 | Lair:8   | Entered Level 8 of the Lair of Beasts
  2152 | Lair:8   | Reached skill level 5 in Evocations
  2155 | Lair:8   | Reached skill level 14 in Axes
  2177 | Lair:8   | Reached **** piety under Trog
  2336 | Lair:7   | Noticed a spriggan rider
  2587 | Lair:8   | Noticed a fire dragon
  2592 | Lair:8   | Killed a fire dragon
  2599 | Lair:8   | Reached skill level 15 in Axes
  2698 | Lair:8   | Noticed a death yak
  2699 | Lair:8   | Noticed a death yak
  2700 | Lair:8   | Noticed a death yak
  2700 | Lair:8   | Noticed a death yak
  2701 | Lair:8   | Noticed a death yak
  2710 | Lair:8   | Killed a death yak
  2710 | Lair:8   | Reached XP level 12. HP: 110/110 MP: 15/15
  2713 | Lair:8   | Killed a death yak
  2713 | Lair:8   | Received a gift from Trog
  2724 | Lair:8   | Killed a death yak
  2729 | Lair:8   | HP: 1/110 [death yak (10)]
  2729 | Lair:8   | Mangled by a sheep

Action                   |  1- 3 |  4- 6 |  7- 9 | 10-12 || total
-------------------------+-------+-------+-------+-------++-------
Melee: Hand axe          |    21 |    69 |    76 |   332 ||   498
Invok: Berserk           |     2 |     3 |     5 |    12 ||    22
       Trog's Hand       |       |     1 |     4 |    10 ||    15
       Brothers in Arms  |       |       |       |     1 ||     1
Evoke: Box of beasts     |       |       |       |     7 ||     7
  Use: Scroll            |       |       |       |    18 ||    18
       Potion            |       |       |       |     1 ||     1
  Eat: Chunk             |       |     5 |     7 |    19 ||    31
       Royal jelly       |       |       |       |     1 ||     1
